 Dungeon Crawl Stone Soup version 0.29-a0-100-g60f898f876 (console) character file.

Game seed: 17611635175400035203

703 petzl the Magician (level 7, 0/48 (50) HPs)
             Began as a Formicid Arcane Marksman on Feb 14, 2022.
             Slain by a wight (1 damage)
             ... on level 7 of the Dungeon.
             The game lasted 00:17:50 (3618 turns).

petzl the Magician (Formicid Arcane Marksman)       Turns: 3618, Time: 00:17:50

HP:   0/48 (50)     AC:  5    Str: 15    XL:     7   Next: 99%
MP:   2/13          EV: 16    Int: 14    God:
Gold: 138           SH:  0    Dex: 11    Spells: 6/14 levels left

rFire   . . .      SeeInvis +   a - +1 hand axe (vorpal) {!f =f}
rCold   . . .      Faith    .   (no shield)
rNeg    . . .      Spirit   .   q - +0 leather armour
rPois   .          Reflect  .   (helmet unavailable)
rElec   .          Harm     .   (no cloak)
rCorr   .          Rampage  .   i - +1 pair of gloves
Will    .....                   (no boots)
Stlth   ++........              (no amulet)
HPRegen 0.16/turn               r - ring of wizardry
MPRegen 0.13/turn               u - +4 ring of evasion

@: lightly drained
A: permanent stasis, dig shafts and tunnels, antennae 3, four strong arms
a: Dig, Shaft Self


You were on level 7 of the Dungeon.
You visited 1 branch of the dungeon, and saw 8 of its levels.

You collected 138 gold pieces.

Inventory:

Hand Weapons
 a - a +1 vorpal hand axe (weapon) {!f =f}
 b - a +1 hand crossbow
Missiles
 c - 10 bolts
Armour
 i - a +1 pair of gloves (worn)
 q - a +0 leather armour (worn)
Jewellery
 e - a +6 ring of strength
 f - a ring of protection from cold
 g - a +6 ring of dexterity
 k - a ring of resist corrosion
 p - an amulet of faith
 r - a ring of wizardry (left hand)
 u - a +4 ring of evasion (right hand)
Wands
 m - a wand of acid (9)
Scrolls
 d - 2 scrolls of immolation
 h - a scroll of magic mapping
 j - a scroll of noise {unknown}
Potions
 l - a potion of mutation {unknown}
 o - a potion of brilliance {unknown}
 s - a potion of lignification {unknown}
 t - a potion of curing {unknown}


   Skills:
 - Level 2.3 Fighting
 - Level 1.0 Axes
 - Level 2.6 Crossbows
 - Level 1.6 Armour
 - Level 2.3 Dodging
 - Level 2.0 Stealth
 + Level 4.0 Spellcasting
 + Level 2.6 Conjurations
 - Level 3.6 Hexes
 - Level 0.7 Fire Magic
 + Level 2.1 Air Magic
 + Level 3.6 Poison Magic
 - Level 0.7 Evocations


You had 6 spell levels left.
You knew the following spells:

 Your Spells              Type           Power      Damage    Failure   Level
a - Slow                  Hex            48%        N/A       2%          1
b - Foxfire               Conj/Fire      28%        2x1d5     4%          1
m - Mephitic Cloud        Conj/Pois/Air  10%        N/A       9%          3
I - Ignite Poison         Fire/Tmut/Pois 6%         N/A       16%         3

Your spell library contained the following spells:

 Spells                   Type           Power      Damage    Failure   Level
 Beastly Appendage        Tmut           4%         N/A       10%         1
 Inner Flame              Hex/Fire       8%         N/A       12%         3
 Wereblood                Tmut           2%         N/A       14%         2
 Portal Projectile        Hex/Tloc       14%        N/A       14%         3
 Spider Form              Tmut/Pois      7%         N/A       14%         3
 Summon Guardian Golem    Hex/Summ       7%         N/A       14%         3
 Cause Fear               Hex            6%         N/A       21%         4
 Freezing Cloud           Conj/Ice/Air   3%         6-21      77%         5
 Orb of Destruction       Conj           5%         9d5       100%        7
 Spellforged Servitor     Conj/Summ      3%         N/A       100%        7


Dungeon Overview and Level Annotations

Branches:
Dungeon (9/15)             Temple (0/1) D:7
   Lair: D:8-11         Orc: D:9-12

Altars:
Gozag
Okawaru
Uskayaw
Yredelemnul

Shops:
D:2 [


Innate Abilities, Weirdness & Mutations

You cannot be hasted, slowed, berserked, paralysed or teleported.
You can dig through walls and to a lower floor.
You have a pair of large antennae on your head. (SInv)
Your four strong arms can wield two-handed weapons with a shield.


Message History

You destroy the wight!
A wight comes into view.
It is wielding a +3 falchion of freezing.
Your Spellcasting skill increases to level 4!
Casting: Slow (safe; 2% risk of failure)
Confirm with . or Enter, or press ? or * to list all spells.
Aiming: Slow (safe; 2% risk of failure)
Press: ? - help, Shift-Dir - straight line, f - wight
Aim: a wight, wielding a +3 falchion of freezing, wearing a +0 robe and wearing a ring of flight (chance to affect: 50%)
The wight resists with significant effort.
Casting: Slow (safe; 2% risk of failure)
Confirm with . or Enter, or press ? or * to list all spells.
Aiming: Slow (safe; 2% risk of failure)
Press: ? - help, Shift-Dir - straight line, f/p - wight
Aim: a wight, wielding a +3 falchion of freezing, wearing a +0 robe and wearing a ring of flight (chance to affect: 50%)
The wight seems to slow down.
You shoot a bolt.
The bolt hits the wight but does no damage.
A wight comes into view. It is wielding a +3 falchion.
You shoot a bolt. The bolt hits the wight.
The wight is moderately damaged.
You shoot a bolt. The bolt completely misses the wight.
The bolt hits the wight!
The wight is heavily damaged.
You shoot a bolt. The bolt hits the wight!
The wight is almost destroyed.
You climb upwards.
There is a stone staircase leading down here.
a - a +1 vorpal hand axe (weapon)
{!f =f} You hit the wight but do no damage.
The wight is almost destroyed.
The wight barely misses you.
You closely miss the wight.
The wight is almost destroyed.
The wight hits you with a +3 falchion of freezing!
You feel drained. The wight freezes you.
You hit the wight but do no damage.
The wight is almost destroyed.
The wight hits you with a +3 falchion of freezing!
* * * LOW HITPOINT WARNING * * *
The wight freezes you.
You die...

...##.............. ## #
...#....##'############.### ##
...#....#...'.............+ #.
...#....#...#.............# #.
...#....#...#.............# #.
...'....#...#......[......#..... #.
...#....#...#.............#..... #.
##'#....##.########'#######.... ## .........###
#...............# ###### ## .........#
#...............# #....# #. .........#
#...............# { #....# #. ..._.....#
#...............# #....# ##.
...8.....#####...............#########...# #.#
#.._............#######'##..........##...# ###.
................+ #.....#..........#....# ##8##.
...'..........(.# #.....#..........#....# #...#.
..##............#####'##.#..........##...###...#.
..#.......####.........#@##+#####+#......∩.....##
..#..[....# #..........z....#....#......###...##
..#.......# #.........._....#....#......# #...#'
..#.......# #...............#....#......# ##8###
###.......####.........####..##..##......# ## #
#......##..###'##.......#####..#.......# #
#......#.....†..#.......#......+.......# #
#......#........#.......#......#.......# #
#......#........+.......#..............########
###...)..#..####'.#.......#.####..>..........##'#
..###....##.......†....####.#...........####.....
....#....##..≈≈≈≈≈≈≈.≈......#...........#..#.....
....#<...###.≈.......≈......#...........#..#.....
....#.)..# #.≈.≈.≈≈≈.≈......#...........#..#.....
....#....# #.≈.≈...≈.≈...>..#........)..#o.#.....
....#....# #.≈.≈._.≈.≈......#........)..#..#.....
.........# #.≈.≈...≈.≈.##...#........)....##.....
########## #.≈.≈≈≈≈≈.≈..#####..?..###############


You could see a wight (slow).

Vanquished Creatures
  A black bear (D:7)
  2 bullfrogs
  2 killer bees (D:8)
  A wight (D:8)
  A centaur zombie (D:5)
  A jelly (D:6)
  An orc priest (D:7)
  2 hounds (D:6)
  An iguana (D:7)
  Terence (D:2)
  2 orc wizards
  2 gnolls (D:3)
  A howler monkey skeleton (D:7)
  2 adders
  A dart slug (D:2)
  7 orcs
  6 endoplasms
  2 giant cockroaches
  5 goblins
  2 hobgoblins
  A quokka (D:1)
  5 ball pythons
  3 bats
  4 frilled lizards
  3 kobolds
  10 rats
69 creatures vanquished.

Vanquished Creatures (others)
  4 fungi
  3 plants
7 creatures vanquished.

Grand Total: 76 creatures vanquished

Notes
Turn   | Place    | Note
-------+----------+-------------------------------------------
     0 | D:1      | petzl the Formicid Arcane Marksman began the quest for the
                  | Orb.
     0 | D:1      | Reached XP level 1. HP: 15/15 MP: 2/2
   227 | D:1      | Reached XP level 2. HP: 21/21 MP: 4/4
   534 | D:1      | Reached skill level 1 in Stealth
   893 | D:2      | Noticed Terence
   896 | D:2      | Reached XP level 3. HP: 26/26 MP: 5/5
   920 | D:2      | Killed Terence
   921 | D:2      | Reached skill level 2 in Spellcasting
  1080 | D:2      | Reached XP level 4. HP: 28/33 MP: 7/7
  1163 | D:2      | Found Hetat's Antique Armour Emporium.
  1505 | D:2      | Reached skill level 1 in Armour
  1892 | D:3      | Found a faded altar of an unknown god.
  1916 | D:3      | Got Plato's Compendium of Arcane Weapons and the Volcanoes
  1920 | D:3      | Learned a level 1 spell: Foxfire
  2153 | D:3      | Reached XP level 5. HP: 24/38 MP: 0/8
  2339 | D:3      | You fall into a shaft and drop 2 floors!
  2339 | D:5      | Entered Level 5 of the Dungeon
  2621 | D:6      | Reached skill level 1 in Axes
  2621 | D:6      | Reached XP level 6. HP: 44/44 MP: 5/10
  2651 | D:6      | Learned a level 3 spell: Mephitic Cloud
  2655 | D:6      | Learned a level 3 spell: Ignite Poison
  2765 | D:7      | Found an iron altar of Okawaru.
  2767 | D:7      | Found a basalt altar of Yredelemnul.
  2781 | D:7      | Reached skill level 1 in Conjurations
  2819 | D:6      | Reached skill level 3 in Spellcasting
  2819 | D:6      | Reached skill level 1 in Poison Magic
  3017 | D:7      | Reached skill level 1 in Air Magic
  3094 | D:7      | Found an opulent altar of Gozag.
  3194 | D:7      | Noticed a black bear
  3202 | D:7      | Killed a black bear
  3203 | D:7      | Reached XP level 7. HP: 50/50 MP: 5/12
  3210 | D:7      | Found a hide-covered altar of Uskayaw.
  3295 | D:7      | Found a staircase to the Ecumenical Temple.
  3450 | D:7      | Found a sand-covered staircase.
  3607 | D:8      | Reached skill level 4 in Spellcasting
  3618 | D:7      | HP: 1/48 [wight (14)]
  3618 | D:7      | Slain by a wight

Illustrated notes

Levels and vault maps discovered:
D:1:      psy_arrival_terrarium, layout_basic, serial_bayou,
          serial_bayou_shore_b, serial_bayou_ford_a, serial_bayou_pond_b,
          serial_bayou_lagoon_a, serial_bayou_shore_b, hangedman_feature_mirror
D:2:      layout_loops_ring, serial_shops, nicolae_shop_crystal,
          chequers_serial_rivers_micro_c, uniq_terence
D:3:      layout_basic, mainiacjoe_overflow_chevrons,
          shapermc_ecumenical_altar_rom_forum, grunt_ministairs_6,
          minmay_checkerbox
D:5:      layout_basic, serial_shops,
          nicolae_shop_temple_entry_statues_fountains, minmay_quadrilaterals,
          uniq_blork_the_orc
D:6:      layout_loops_ring
D:7:      layout_gridville, mainiacjoe_overflow_concentric_impassable,
          chequers_temple_overflow_statue_of_worship,
          nicolae_gozag_seed_capital, minmay_temple_entry_butterflies,
          chequers_ossuary_entry_cave, uniq_maggie
D:8:      layout_loops_corners, mainiacjoe_overflow_brackets,
          kennysheep_mini_moat, grunt_lair_entry_orc_guard_hut
D:9:      layout_gridville, uniq_maurice

Skill      XL: |  1  2  3  4  5  6  7 |
---------------+----------------------+-----
Stealth        | 1 2 |  2.0
Dodging        | 2 |  2.3
Spellcasting   | 2 3 4 |  4.0
Fighting       | 2 |  2.3
Armour         | 1 |  1.6
Axes           | 1 |  1.0
Conjurations   | 1 2 |  2.6
Poison Magic   | 2 3 |  3.6
Air Magic      | 1 2 |  2.1
Crossbows      | |  2.6
Hexes          | |  3.6
Fire Magic     | |  0.7
Evocations     | |  0.7

Action                   |  1- 3 |  4- 6 |  7- 9 || total
-------------------------+-------+-------+-------++-------
Melee: Hand axe          |    15 |    67 |    26 ||   108
       Punch             |     1 |     1 |     1 ||     3
 Fire: Hand crossbow     |    41 |    54 |    16 ||   111
 Cast: Slow              |     1 |    32 |     3 ||    36
       Mephitic Cloud    |       |     2 |     6 ||     8
       Ignite Poison     |       |       |     1 ||     1
 Abil: Shaft Self        |       |     1 |       ||     1
       Dig               |       |       |     1 ||     1
  Use: Potion            |       |     2 |       ||     2
       Scroll            |       |     1 |     4 ||     5
 Stab: Confused          |       |       |     1 ||     1
Armor: Robe              |     8 |     4 |       ||    12
       Leather armour    |       |    13 |     4 ||    17
Dodge: Dodged            |    19 |    49 |    27 ||    95

Table legend: (Time is in decaauts)
 A = Elapsed time spent in this place.
 B = Non-inter-level travel time spent in this place.
 C = Inter-level travel time spent in this place.
 D = Time resting spent in this place.
 E = Time spent auto-exploring this place.
 F = Levels seen in this place.
 G = Mean time per level.
                   A        B        C        D        E       F      G
               +--------+--------+--------+--------+--------+-----+--------+
         Total |   3700 |   3500 |    200 |    744 |   1369 |   8 |  462.5 |
       Dungeon |   3700 |   3500 |    200 |    744 |   1369 |   8 |  462.5 |
               +--------+--------+--------+--------+--------+-----+--------+

Top non-repeatable levels by time:
     D:1: 1060 daAuts
     D:2: 959 daAuts
     D:7: 672 daAuts
     D:3: 379 daAuts
     D:6: 310 daAuts
     D:5: 246 daAuts
     D:8: 65 daAuts
     D:9: 4 daAuts
